 Dungeon Crawl Stone Soup version 0.15.0-22-g71df38d (console) character file.

32 gw the Skirmisher (level 3, -5/23 HPs)
             Began as a Gargoyle Berserker on Sept 7, 2014.
             Was a Believer of Trog.
             Slain by a gnoll
             ... wielding a +0 flail
              (7 damage)
             ... on Level 2 of the Dungeon.
             The game lasted 00:01:13 (1585 turns).

gw the Skirmisher (Gargoyle Berserker)              Turns: 1585, Time: 00:01:13

HP  -5/23        AC  5     Str 20      XL: 3   Next: 27%
MP   3/3         EV 12     Int  7      God: Trog [**....]
Gold 0           SH  0     Dex 10      Spells:  0 memorised,  2 levels left

rFire  . . .     SeeInvis .     a - +1 mace
rCold  . . .     Clarity  .     b - +0 animal skin
rNeg   + . .     rCorr    .     (no shield)
rPois  +         rRot     +     (no helmet)
rElec  +         Spirit   .     (no cloak)
SustAb .         Warding  .     (no gloves)
rMut   .         Rnd*Tele +     (no boots)
Gourm  .                        (no amulet)
MR     ++...                    (no ring)
                                e - cursed ring of teleportation

@: regenerating, very resistant to hostile enchantments, very unstealthy
A: negative energy resistance 1, electricity resistance, unbreathing,
petrification resistance, rot immunity, AC +3
a: Burn Spellbooks, Berserk, Trog's Hand, Renounce Religion, Evoke Teleportation


You were on level 2 of the Dungeon.
You worshipped Trog.
Trog was pleased with you.
You were very hungry.

You visited 1 branch of the dungeon, and saw 2 of its levels.

Inventory:

Hand weapons
 a - a +1 mace (weapon)
Missiles
 f - 7 javelins
 g - 20 stones (quivered)
Armour
 b - a +0 animal skin (worn)
Comestibles
 c - a bread ration
Scrolls
 d - a scroll of recharging {unknown}
Jewellery
 e - a cursed ring of teleportation (left hand)


   Skills:
 + Level 3.5 Fighting
 * Level 3.5 Maces & Flails
 + Level 1.1 Throwing
 + Level 2.7 Armour
 - Level 1.5 Dodging


You had 2 spell levels left.
You didn't know any spells.

Dungeon Overview and Level Annotations

Branches:
Dungeon (2/15)

Altars:


Innate Abilities, Weirdness & Mutations

You are resistant to torment.
You are immune to poison.
Your stone body is very resilient (AC +3).
You resist negative energy.
You are resistant to electric shocks.
You can survive without breathing.
You are immune to petrification.
You are immune to rotting.


Message History

You kill the giant newt!
Trog accepts your kill. The gnoll closely misses you. x2
ATTACK MOVE TO (-1,-1)
You hit the adder.
The adder is moderately wounded.
The gnoll hits you from afar with a spear!
The gnoll hits you but does no damage. The adder bites you.
The gnoll barely misses you. The gnoll misses you.
ATTACK MOVE TO (-1,-1)
You hit the adder.
The adder is severely wounded.
The adder bites you but does no damage. The gnoll hits you with a flail.
The gnoll hits you with a flail! The adder bites you but does no damage.
The gnoll closely misses you.
ATTACK MOVE TO (-1,-1)
You closely miss the adder.
The adder is severely wounded.
The gnoll hits you with a flail!
You die...

..# #..... .#
...#.# .#
#....#..###
#.##.....=...
.[....#..#
#....g..# #..Sgg.#
#..9# #...#
#...#######
#.........#
######...#####<#
#..............#.#
.............$...#
#..............#.
###.......###.#


You could see 3 gnolls and an adder.

Table legend:
 A = Turns spent in this place as a percentage of turns spent in the entire game.
 B = Non-inter-level travel turns spent in this place as a percentage of non-inter-level travel turns spent in the entire game.
 C = Inter-level travel turns spent in this place as a percentage of turns spent in this place.
 D = Turns resting spent in this place as a percentage of non-inter-level travel turns spent in this place.
 E = Turns spent auto-exploring this place as a percentage of non-inter-level travel turns spent in this place.
 F = Non-inter-level travel turns spent in this place divided by the number of levels of this place that you've seen.
                   A       B       C       D       E      F
               +-------+-------+-------+-------+-------+----------------------
         Total | 100.0 | 100.0 |   0.6 |   8.7 |  16.1 | 177.5
       Dungeon | 100.0 | 100.0 |   0.6 |   8.7 |  16.1 | 177.5
               +-------+-------+-------+-------+-------+----------------------

Table legend:
 A = Kills in this place as a percentage of kills in entire the game.
 B = Kills by you in this place as a percentage of kills by you in the entire game.
 C = Kills by friends in this place as a percentage of kills by friends in the entire game.
 D = Other kills in this place as a percentage of other kills in the entire game.
 E = Experience gained in this place as a percentage of experience gained in the entire game.
 F = Experience gained in this place divided by the number of levels of this place that you have seen.
                   A       B       C       D       E      F
               +-------+-------+-------+-------+-------+----------------------
         Total | 100.0 | 100.0 |  -nan |  -nan | 100.0 |  23.5
       Dungeon | 100.0 | 100.0 |  -nan |  -nan | 100.0 |  23.5
               +-------+-------+-------+-------+-------+----------------------

Vanquished Creatures
  5 goblins (D:1)
  8 hobgoblins (D:1)
  A jackal (D:1)
  4 kobolds (D:1)
  7 bats (D:1)
  A giant newt (D:2)
  6 rats (D:1)
32 creatures vanquished.

Notes
Turn   | Place    | Note
--------------------------------------------------------------
     0 | D:1      | gw, the Gargoyle Berserker, began the quest for the Orb.
     0 | D:1      | Reached XP level 1. HP: 14/14 MP: 1/1
   397 | D:1      | Reached XP level 2. HP: 16/19 MP: 2/2
   741 | D:1      | Reached skill level 1 in Throwing
   929 | D:1      | Acquired Trog's second power
  1015 | D:1      | Reached XP level 3. HP: 19/23 MP: 3/3
  1584 | D:2      | HP: 1/23 [gnoll/flail (10)]
  1585 | D:2      | Slain by a gnoll

Action                   || total
-------------------------++-------
Melee: Mace              ||    90
Throw: Stone             ||    27
Invok: Berserk           ||     1
       Trog's Hand       ||     1
  Use: Scroll            ||     1
  Eat: Chunk             ||     2

Vault maps used:
D:1:      scummos_arrival_simple_fountains, st_stairs_12
